 Dungeon Crawl Stone Soup version 0.23.2-1-ga50397a (webtiles) character file.

Game seed: 2537713381936314190

157 KleinerIrrer the Gusty (level 5, 0/31 HPs)
             Began as an Octopode Air Elementalist on May 1, 2019.
             Slain by a hound (4 damage)
             ... on level 3 of the Dungeon.
             The game lasted 00:06:18 (2588 turns).

KleinerIrrer the Gusty (Octopode Air Elementalist)  Turns: 2588, Time: 00:06:19

Health: 0/31       AC:  1    Str: 12    XL:     5   Next: 38%
Magic:  3/18       EV: 13    Int: 18    God:
Gold:   85         SH:  0    Dex: 13    Spells: 3/10 levels left

rFire    . . .     SeeInvis .   d - +1 dagger
rCold    . . .     Gourm    .   (no shield)
rNeg     . . .     Faith    .   (helmet restricted)
rPois    .         Spirit   .   (no amulet)
rElec    .         Reflect  .   j - ring of magical power
rCorr    .         Harm     .   (no ring)
MR       .....                  (no ring)
Stlth    +++.......             (no ring)
HPRegen  0.10/turn              (no ring)
MPRegen  0.16/turn              (no ring)
                                (no ring)
                                (no ring)

@: mighty
A: almost no armour, stealthy swim, amphibious, 8 rings, constrict 8, camouflage
1, gelatinous body 1
a: no special abilities


You were on level 3 of the Dungeon.
You were very hungry.

You visited 1 branch of the dungeon, and saw 4 of its levels.

You collected 85 gold pieces.

Inventory:

Hand Weapons
 d - a +1 dagger (weapon)
Missiles
 f - 10 poisoned needles
Jewellery
 j - a ring of magical power (left tentacle)
 o - an uncursed amulet of rage
 v - an uncursed ring of magical power
Wands
 u - a wand of digging (8)
Scrolls
 c - 3 scrolls of teleportation
 e - a scroll of remove curse
 m - a scroll of amnesia {unknown}
 q - a scroll of enchant armour {unknown}
 r - a scroll of random uselessness {unknown}
 t - a scroll of noise {unknown}
Potions
 g - 2 potions of might
 k - a potion of lignification {unknown}
 l - 2 potions of flight
 n - a potion of haste {unknown}
 p - a potion of berserk rage {unknown}
 s - a potion of ambrosia {unknown}
Comestibles
 b - 6 rations


   Skills:
 - Level 2.0 Dodging
 - Level 2.6 Stealth
 + Level 3.1 Spellcasting
 - Level 1.0 Conjurations
 * Level 5.2 Air Magic


You had 3 spell levels left.
You knew the following spells:

 Your Spells              Type           Power        Failure   Level  Hunger
a - Shock                 Conj/Air       ##..         4%          1    None
b - Swiftness             Chrm/Air       ##......     9%          2    ##.....
c - Airstrike             Air            ###.......   19%         4    ####...

Your spell library contained the following spells:

 Spells                   Type           Power        Failure   Level  Hunger
 Static Discharge         Conj/Air       ##......     13%         3    ###....
 Lightning Bolt           Conj/Air       ##........   77%         5    ######.


Dungeon Overview and Level Annotations

Branches:
Dungeon (4/15)
 Temple: D:4-7

Altars:
Fedhas
Okawaru
Qazlal


Innate Abilities, Weirdness & Mutations

You cannot wear most types of armour.
You are very stealthy in the water. (Stealth+)
You are amphibious.
You can wear up to eight rings at the same time.
You can use your tentacles to constrict eight enemies at once.
Your skin changes colour to match your surroundings (Stealth+).
Your rubbery body absorbs attacks. (AC +1, EV +1)


Message History

Found a leather armour.
Found a stone staircase leading down.
The hound bites you. The hound bites you.
There is a stone staircase leading up here.
The hound bites you.
* * * LOW HITPOINT WARNING * * *
The hound barely misses you.
You climb upwards.
There is a stone staircase leading down here.
You feel very mighty all of a sudden. The hound barely misses you.
You closely miss the hound. Your grab misses the hound. The hound misses you.
The hound bites you.
* * * LOW HITPOINT WARNING * * *
You hit the hound but do no damage. Your grab misses the hound.
Your squeeze misses the hound.
You are feeling very hungry.
The hound bites you.
You die...

#########.##.###....# #.#.
#....<.....#..##.#### #.#.
#..........##.##.# #.#.
P....§.....##..#.#############.#.
P...#§§≈^..###.#.#.............##
.....§≈≈...# #.#.#.#..........##
PP.≈.≈§....# #...#.#..........#
....^^^....# ##..#.#..........#
#..........####.@#.#..........#
#..............h...#..........#
####################..........#
#.....................#
#.##########..........# #.#
#...########## #.# #.###
#########.# #.# ..........# #.#


You could see a hound.

Vanquished Creatures
  2 hounds (D:4)
  An orc wizard (D:3)
  An adder (D:2)
  A leopard gecko (D:2)
  7 orcs (D:3)
  9 bats
  3 giant cockroaches
  6 goblins
  7 hobgoblins
  2 quokkas (D:4)
  4 frilled lizards
  4 kobolds
  6 rats
53 creatures vanquished.

Notes
Turn   | Place    | Note
-------+----------+-------------------------------------------
     0 | D:1      | KleinerIrrer the Octopode Air Elementalist began the quest
                  | for the Orb.
     0 | D:1      | Reached XP level 1. HP: 11/11 MP: 3/3
   149 | D:1      | Reached XP level 2. HP: 17/17 MP: 3/5
   360 | D:1      | Learned a level 2 spell: Swiftness
   983 | D:2      | Reached skill level 4 in Air Magic
   983 | D:2      | Reached XP level 3. HP: 11/21 MP: 6/6
  1921 | D:3      | Reached XP level 4. HP: 27/27 MP: 5/7
  1995 | D:3      | Learned a level 4 spell: Airstrike
  2074 | D:3      | Found a blossoming altar of Fedhas.
  2096 | D:3      | Found an iron altar of Okawaru.
  2292 | D:3      | Found a stormy altar of Qazlal.
  2563 | D:4      | Reached skill level 5 in Air Magic
  2563 | D:4      | Reached XP level 5. HP: 27/31 MP: 8/9
  2588 | D:3      | Slain by a hound

Skill      XL: |  1  2  3  4  5 |
---------------+----------------+-----
Air Magic      | 4 5 |  5.2
Spellcasting   | 3 |  3.1
Dodging        | |  2.0
Stealth        | |  2.6
Conjurations   | |  1.0

Action                   |  1- 3 |  4- 6 || total
-------------------------+-------+-------++-------
Melee: Dagger            |    20 |    10 ||    30
       Constrict         |     4 |     1 ||     5
       Tentacles         |     2 |     1 ||     3
 Cast: Shock             |    72 |    38 ||   110
       Airstrike         |       |     1 ||     1
  Use: Scroll            |     4 |     4 ||     8
       Potion            |     1 |     1 ||     2
  Eat: Chunk             |     4 |     1 ||     5
Armor: Skin              |     6 |     1 ||     7
Dodge: Dodged            |    18 |    11 ||    29
